 Dungeon Crawl Stone Soup version 0.30-a0-322-g102857c98e (webtiles) character file.

Game seed: 5523092468105007251

60 lesbiats the Cudgeller (level 3, -2/35 HPs)
             Began as a Troll Gladiator on Oct 28, 2022.
             Slain by Crazy Yiuf
             ... wielding a +4 quarterstaff of chaos
              (14 damage)
             ... on level 2 of the Dungeon.
             The game lasted 00:04:23 (1358 turns).

lesbiats the Cudgeller (Troll Gladiator)            Turns: 1358, Time: 00:04:24

Health: -2/35      AC:  4    Str: 30    XL:     3   Next: 80%
Magic:  2/2        EV: 10    Int:  4    God:
Gold:   87         SH:  0    Dex: 11    Spells: 2/2 levels left

rFire   . . .      SeeInvis .    a - +0 flail
rCold   . . .      Faith    .    (no shield)
rNeg    . . .      Spirit   .    b - +0 robe
rPois   .          Reflect  .    c - +0 hat
rElec   .          Harm     .    (no cloak)
rCorr   .          Rampage  .    (gloves unavailable)
Will    +....                    (boots unavailable)
Stlth   +.........               (no amulet)
HPRegen 1.05/turn                h - +6 ring of strength
MPRegen 0.08/turn                l - ring of willpower

@: slowed, very slow
A: large, unfitting armour, claws 3, regeneration 1, shaggy fur 1, tough skin 1
a: no special abilities


You were on level 2 of the Dungeon.
You visited 1 branch of the dungeon, and saw 2 of its levels.

You collected 87 gold pieces.

Inventory:

Hand Weapons
 a - a +0 flail (weapon)
Missiles
 d - 3 throwing nets
 e - a large rock
 k - 6 poisoned darts
 m - 7 stones (quivered)
Armour
 b - a +0 robe (worn)
 c - a +0 hat (worn)
Jewellery
 h - a +6 ring of strength (left claw)
 l - a ring of willpower (right claw)
 p - a ring of resist corrosion
 q - an amulet of faith
Scrolls
 f - a scroll of vulnerability {unknown}
 g - a scroll of identify {unknown}
 n - a scroll of amnesia {unknown}
 o - a scroll of immolation {unknown}
 r - a scroll of enchant weapon {unknown}
Potions
 i - 2 potions of ambrosia {unknown}
 j - 2 potions of flight {unknown}


   Skills:
 + Level 2.2 Fighting
 + Level 3.1 Maces & Flails
 + Level 2.4 Throwing
 + Level 2.8 Dodging


You had 2 spell levels left.
You didn't know any spells.
Your spell library contained the following spells:

 Spells                   Type           Power      Damage    Failure   Level
 Slow                     Hex            0%         N/A       50%         1
 Confusing Touch          Hex            0%         N/A       86%         3
 Vampiric Draining        Necr           0%         2d6       86%         3


Dungeon Overview and Level Annotations

Branches:
Dungeon (2/15)

Altars:

Annotations:
D:2 Crazy Yiuf


Innate Abilities, Weirdness & Mutations

You are too large for most types of armour.
You have claws for hands.
Your natural rate of healing is unusually fast.
You are covered in fur. (AC +1)
You have tough skin. (AC +1)


Message History

HP restored.
You open the large door.
There is a large open door here.
There is a large open door here.
r - a scroll labelled KIP WULU VOIRO You open the door.
There is an open door here.
A frilled lizard comes into view.
The frilled lizard hisses angrily.
You hit the frilled lizard.
You kill the frilled lizard!
No target in view!
Found a hammer.
Found a runed translucent door.
Crazy Yiuf shouts!
You open the door.
Crazy Yiuf screams, "Hack wrapper bag!"
You hit Crazy Yiuf.
Crazy Yiuf is lightly wounded.
Crazy Yiuf yells, "Race!"
Crazy Yiuf drinks a potion.
Crazy Yiuf suddenly seems more resistant.
Crazy Yiuf barely misses you.
You hit Crazy Yiuf but do no damage.
Crazy Yiuf is lightly wounded.
Crazy Yiuf hits you with a +4 quarterstaff of chaos.
Crazy Yiuf freezes you.
You closely miss Crazy Yiuf.
Crazy Yiuf is lightly wounded.
Crazy Yiuf hits you with a +4 quarterstaff of chaos!
Crazy Yiuf burns you.
You closely miss Crazy Yiuf.
Crazy Yiuf is lightly wounded.
Crazy Yiuf cries, "You leg down broken song, no?"
Crazy Yiuf hits you with a +4 quarterstaff of chaos!
You feel yourself slow down.
Crazy Yiuf hits you with a +4 quarterstaff of chaos!
* * * LOW HITPOINT WARNING * * *
Crazy Yiuf draws strength from your wounds!
Crazy Yiuf hits you with a +4 quarterstaff of chaos!
You die...

............
.............
......###..... ......
###### ##### ....#
###.# ##♣♣♣♣♣ #.####
###...♣@♣♣♣ ###
#....###......♣g.♣#...#
#.##.........♣♣♣♣.'...#
#.######.#..♣♣ ♣♣#..)#
#.# ####♣♣ ### #.# #.#
#.# #.#


You could see Crazy Yiuf (resistant).

Vanquished Creatures
  2 adders (D:2)
  4 bats
  5 endoplasms
  5 giant cockroaches
  4 hobgoblins
  A quokka (D:2)
  3 ball pythons
  4 frilled lizards
  7 goblins
  A kobold (D:1)
  2 rats
38 creatures vanquished.

Vanquished Creatures (others)
  A plant (D:2)
1 creature vanquished.

Grand Total: 39 creatures vanquished

Notes
Turn   | Place    | Note
-------+----------+-------------------------------------------
     0 | D:1      | lesbiats the Troll Gladiator began the quest for the Orb.
     0 | D:1      | Reached XP level 1. HP: 19/19 MP: 0/0
   129 | D:1      | Reached XP level 2. HP: 27/28 MP: 1/1
   485 | D:1      | Reached skill level 3 in Maces & Flails
   807 | D:2      | Reached XP level 3. HP: 34/35 MP: 2/2
  1347 | D:2      | Found a runed translucent door.
  1348 | D:2      | Noticed Crazy Yiuf
  1358 | D:2      | Slain by Crazy Yiuf

Illustrated notes

Levels and vault maps discovered:
D:1:      giann_bridges, layout_loops_ring, minivault_14, minmay_cupped
D:2:      layout_basic, roderic_lattice_a, grunt_ministairs_12,
          corexii_hall_statues_deadend, serial_bayou_pond_c,
          uniq_crazy_yiuf_cottage

Skill      XL: |  1  2 |
---------------+-------+-----
Throwing       | 2 |  2.4
Maces & Flails | 3 |  3.1
Fighting       | 2 |  2.2
Dodging        | |  2.8

Action                   || total
-------------------------++-------
Melee: Flail             ||   101
       Punch             ||     1
Throw: Stone             ||     9
 Stab: Sleeping          ||     1
Armor: Robe              ||    30
Dodge: Dodged            ||    69

Table legend: (Time is in decaauts)
 A = Elapsed time spent in this place.
 B = Non-inter-level travel time spent in this place.
 C = Inter-level travel time spent in this place.
 D = Time resting spent in this place.
 E = Time spent auto-exploring this place.
 F = Levels seen in this place.
 G = Mean time per level.
                   A        B        C        D        E       F      G
               +--------+--------+--------+--------+--------+-----+--------+
         Total |   1386 |   1326 |     60 |     10 |    982 |   2 |  693.0 |
       Dungeon |   1386 |   1326 |     60 |     10 |    982 |   2 |  693.0 |
               +--------+--------+--------+--------+--------+-----+--------+

Top non-repeatable levels by time:
     D:1: 787 daAuts
     D:2: 599 daAuts
